 Dungeon Crawl Stone Soup version 0.29.1-15-g9cfb28693d (webtiles) character file.

Game seed: 6166390988972403302

99 hawla the Caller (level 5, 0/38 HPs)
             Began as a Meteoran Summoner on Apr 5, 2023.
             Was an Initiate of Vehumet.
             Slain by an ice beast (13 damage)
             ... on level 5 of the Dungeon.
             The game lasted 00:03:50 (750 turns).

hawla the Caller (Meteoran Summoner)                 Turns: 750, Time: 00:03:50

Health: 0/38       AC:  2    Str:  9    XL:     5   Next: 23%
Magic:  10/11      EV: 12    Int: 19    God:    Vehumet [......]
Gold:   42         SH:  0    Dex: 14    Spells: 4/10 levels left

rFire   . . .      SeeInvis .   (no weapon)
rCold   . . .      Faith    .   (no shield)
rNeg    . . .      Spirit   .   a - +0 robe
rPois   .          Reflect  .   (no helmet)
rElec   .          Harm     .   (no cloak)
rCorr   .          Rampage  .   (no gloves)
Will    .....                   (no boots)
Stlth   +.........              (no amulet)
HPRegen 0.12/turn               (no ring)
MPRegen 0.12/turn               (no ring)

@: glowing
A: sense surroundings 1, otherworldly, glowing, explore regen
a: Renounce Religion


You were on level 5 of the Dungeon.
You worshipped Vehumet.
Vehumet was noncommittal.
You visited 2 branches of the dungeon, and saw 6 of its levels.

You collected 42 gold pieces.

Inventory:

Armour
 a - a +0 robe (worn)
Jewellery
 e - an amulet of the acrobat
Wands
 h - a wand of paralysis (10)
Potions
 b - a potion of magic
 c - a potion of attraction
 d - a potion of cancellation {unknown}
 g - a potion of degeneration {unknown}
 j - a potion of mutation {unknown}


   Skills:
 + Level 2.7 Dodging
 - Level 1.4 Stealth
 + Level 3.4 Spellcasting
 + Level 6.7 Summonings


You had 4 spell levels left.
You knew the following spells:

 Your Spells              Type           Power      Damage    Failure   Level
a - Summon Small Mammal   Summ           100%       N/A       1%          1
b - Call Imp              Summ           28%        N/A       1%          2
c - Call Canine Familiar  Summ           28%        N/A       2%          3

Your spell library contained the following spells:

 Spells                   Type           Power      Damage    Failure   Level
 Summon Guardian Golem    Hex/Summ       16%        N/A       11%         3
 Summon Lightning Spire   Summ/Air       16%        N/A       36%         4
 Olgreb's Toxic Radiance  Pois           3%         N/A       82%         4
 Alistair's Intoxication  Tmut/Pois      2%         N/A       99%         5


Dungeon Overview and Level Annotations

Branches:
Dungeon (5/15) Zot: 2377   Temple (1/1) D:4 Zot: 471

Altars:
Ashenzari
Cheibriados
Fedhas
Gozag
Kikubaaqudgha
Makhleb
Nemelex Xobeh
Okawaru
Qazlal
Ru
Sif Muna
Trog
Uskayaw
Vehumet
Wu Jian
Xom
Yredelemnul
Zin

Shops:
D:5 =


Innate Abilities, Weirdness & Mutations

You passively map a small area around you.
You are easily found by Zot.
You glow in the dark.
You regain HP and MP as you explore.


Message History

You hear a loud clanging noise!
It was a scroll of noise.
You hear a shout! x7; You hear an angry hiss.
An orc wizard comes into view. It is wielding a +0 dagger.
As you read the scroll labelled WALUFF ZUMU, it crumbles to dust.
It is a scroll of identify.
c - a potion of attraction An orc comes into view.
It is wielding a +0 trident and wearing a +0 leather armour of cold resistance.
Casting: Summon Small Mammal (safe; 1% risk of failure)
Confirm with . or Enter, or press ? or * to list all spells.
Your surroundings suddenly seem different.
Splash!
You fall into the shallow water.
Moving in this stuff is going to be slow.
An ice beast, a wyvern and 3 orcs come into view.
Found a grey potion.
The orc shouts! x3; You hear a shout!
The wyvern hisses angrily.
A centaur comes into view.
The centaur shouts!
A gnoll comes into view. It is wielding a +0 flail.
The centaur wields a +0 shortbow.
The centaur shoots an arrow.
The arrow closely misses you.
A gnoll comes into view. It is wielding a +0 halberd.
An orc comes into view.
It is wielding a +1 dagger of electrocution.
The gnoll shouts!
The centaur shoots an arrow.
The arrow hits you! The ice beast misses you.
The centaur shoots an arrow.
The arrow hits you! The orc hits you with a +0 club.
The orc attacks as you move away! The orc hits you with a +0 club.
The ice beast attacks as you move away!
The ice beast barely misses you. 3 gnolls come into view.
The gnoll shouts! x2; You hear a shout!
A gnoll sergeant comes into view. It is wielding a +0 spear.
A gnoll comes into view. It is wielding a +0 flail.
Found Notheukk's Jewellery Boutique.
The gnoll shouts!
You hear a shout! x2
Casting: Summon Small Mammal (safe; 1% risk of failure)
Confirm with . or Enter, or press ? or * to list all spells.
The ice beast hits you. The ice beast freezes you!
You die...

* * *
*...o≈~~~.~~≈~g.
*.#...o.......g.
,
#.####.#.#######
#....o...# , ,
#####o#### , , *
#o# * #l#
#Y########
#b@gg.gg.. * *,
######g... * *<
∩ * ** , , , * *
, , ,


You could see a wyvern, an ice beast (ally target), a gnoll sergeant, 4 gnolls,
3 orcs and a friendly bat (summoned).

Vanquished Creatures
  2 giant cockroaches (D:4)
2 creatures vanquished.

Vanquished Creatures (collateral kills)
  A scorpion (D:4)
  2 adders
  A worm (D:2)
  A bat (D:2)
  2 endoplasms (D:4)
  A giant cockroach (D:4)
  3 jackals (D:1)
  3 kobolds
  A quokka (D:4)
15 creatures vanquished.

Grand Total: 17 creatures vanquished

Notes
Turn   | Place    | Note
-------+----------+-------------------------------------------
     0 | D:1      | hawla the Meteoran Summoner began the quest for the Orb.
     0 | D:1      | Reached XP level 1. HP: 14/14 MP: 5/5
    61 | D:1      | Reached skill level 5 in Summonings
   107 | D:2      | Reached XP level 2. HP: 8/20 MP: 1/6
   167 | D:2      | Reached XP level 3. HP: 26/26 MP: 4/8
   170 | D:2      | Learned a level 2 spell: Call Imp
   174 | D:2      | Learned a level 3 spell: Call Canine Familiar
   245 | D:4      | Noticed a scorpion
   261 | D:4      | Killed a scorpion
   262 | D:4      | Reached skill level 6 in Summonings
   262 | D:4      | Reached XP level 4. HP: 25/33 MP: 4/9
   262 | D:4      | Reached XP level 5. HP: 29/38 MP: 4/10
   271 | D:4      | Got the Treatise on Impurities
   312 | D:4      | Found a broken altar of Ashenzari.
   312 | D:4      | Found a burning altar of Makhleb.
   313 | D:4      | Found an ornate altar of the Wu Jian Council.
   410 | D:4      | Found an opulent altar of Gozag.
   516 | D:4      | Found a staircase to the Ecumenical Temple.
   561 | Temple   | Entered the Ecumenical Temple
   681 | Temple   | Became a worshipper of Vehumet
   735 | D:5      | Entered Level 5 of the Dungeon
   739 | D:5      | Noticed an ice beast
   739 | D:5      | Noticed a wyvern
   739 | D:5      | Noticed a centaur
   748 | D:5      | Noticed a gnoll sergeant
   749 | D:5      | Found Notheukk's Jewellery Boutique.
   750 | D:5      | Slain by an ice beast

Illustrated notes

Levels and vault maps discovered:
D:1:      dpeg_arrival_chambers_temple_mockup, layout_basic,
          hellmonk_ecumenical_altar_arch_garden, st_stairs_14
D:2:      layout_loops_ring, basic_altar, uniq_terence
D:3:      layout_basic, mainiacjoe_overflow_surrounded_room, marbit_many_paths,
          nicolae_hepliaklqana_monster_ancestors, serial_shops,
          nicolae_shop_bloodbath_and_beyond, uniq_ijyb
D:4:      layout_loops_ring, grunt_gozag_breadcrumbs,
          chequers_temple_overflow_statue_of_worship,
          minmay_temple_entry_poolview
D:5:      layout_basic, serial_shops, shop, minivault_14
Temple:   nicolae_temple_two_arcs

Skill      XL: |  1  2  3 |
---------------+----------+-----
Summonings     | 5 6 |  6.7
Spellcasting   | 3 |  3.4
Dodging        | |  2.7
Stealth        | |  1.4

Action                   |  1- 3 |  4- 6 || total
-------------------------+-------+-------++-------
Melee: Unarmed           |    25 |    61 ||    86
 Cast: Summon Small Mamm |    17 |    10 ||    27
       Call Imp          |     1 |     1 ||     2
  Use: Scroll            |       |     3 ||     3
       Potion            |       |     1 ||     1
Armor: Robe              |     7 |    15 ||    22
Dodge: Dodged            |    21 |    45 ||    66
